 Dungeon Crawl Stone Soup version 0.28.0-62-gf88900778d (webtiles) character file.

Game seed: 2573342925517805548

125 cbfl8 the Poker (level 5, -4/63 HPs)
             Began as a Merfolk Berserker on Sept 12, 2023.
             Was a Believer of Trog.
             Slain by a black bear (6 damage)
             ... on level 4 of the Dungeon.
             The game lasted 00:01:39 (1287 turns).

cbfl8 the Poker (Merfolk Berserker)                 Turns: 1287, Time: 00:01:40

Health: -4/63      AC:  6    Str: 18    XL:     5   Next: 9%
Magic:  5/5        EV: 10    Int:  6    God:    Trog [**....]
Gold:   5          SH:  0    Dex: 15    Spells: 4/4 levels left

rFire   . . .      SeeInvis .   a - +0 spear
rCold   . . .      Faith    .   (no shield)
rNeg    . . .      Spirit   .   f - +0 scale mail
rPois   .          Reflect  .   (no helmet)
rElec   .          Harm     .   (no cloak)
rCorr   .          Rampage  .   (no gloves)
Will    .....                   (no boots)
Stlth   ..........              (no amulet)
HPRegen 0.20/turn               (no ring)
MPRegen 0.09/turn               (no ring)

@: berserking, very quick
A: (nimble swimmer 2), mertail
a: Renounce Religion, Berserk, Trog's Hand


You were on level 4 of the Dungeon.
You worshipped Trog.
Trog was pleased with you.
You visited 1 branch of the dungeon, and saw 3 of its levels.

You collected 5 gold pieces.

Inventory:

Hand Weapons
 a - a +0 spear (weapon)
Armour
 f - a +0 scale mail (worn)
Scrolls
 b - a scroll of brand weapon {unknown}
 d - 2 scrolls of teleportation
 g - a scroll of enchant armour {unknown}
Potions
 c - 2 potions of heal wounds
 e - a potion of ambrosia {unknown}
 h - 2 potions of mutation {unknown}


   Skills:
 + Level 4.3 Fighting
 + Level 6.3 Polearms
 + Level 1.7 Armour
 - Level 2.6 Dodging
 * Level 1.6 Evocations


You had 4 spell levels left.
You didn't know any spells.
Your spell library was empty.

Dungeon Overview and Level Annotations

Branches:
Dungeon (2/15)

Altars:

Annotations:
D:2 Sigmund


Innate Abilities, Weirdness & Mutations

((You are very nimble when in or above water. (Stealth+, EV+, Speed+++)))
Your lower body shifts to a powerful aquatic tail in water.


Message History

The black bear claws you but does no damage.
You hit the black bear but do no damage.
The black bear is heavily wounded.
The black bear bites you. The black bear claws you.
The black bear claws you but does no damage.
You hit the black bear.
The black bear is severely wounded.
The black bear goes berserk!
You barely miss the black bear.
The black bear is severely wounded.
The black bear bites you. The black bear barely misses you.
The black bear claws you but does no damage.
You barely miss the black bear.
The black bear is severely wounded.
The black bear bites you! The black bear claws you.
The black bear barely misses you.
You are too injured to fight recklessly!
A red film seems to cover your vision as you go berserk!
You feel yourself moving faster!
You feel mighty! The black bear bites you.
The black bear barely misses you. x2; The black bear bites you.
The black bear claws you.
* * * LOW HITPOINT WARNING * * *
The black bear claws you.
* * * LOW HITPOINT WARNING * * *
You hit the black bear.
The black bear is almost dead.
You barely miss the black bear.
The black bear is almost dead.
The black bear bites you.
* * * LOW HITPOINT WARNING * * *
The black bear claws you.
* * * LOW HITPOINT WARNING * * *
The black bear closely misses you.
You barely miss the black bear.
The black bear is almost dead.
The black bear bites you!
* * * LOW HITPOINT WARNING * * *
The black bear claws you but does no damage.
The black bear claws you.
You die...

#... #.#........# #?..
#.......##.#
#...#####.......##.##
#...#...........##...
####...>.........#.##...
........................
.?.......$..............
..............####.###..
###...@......# #.# #..
#..h######## # #.. #...
### #... ..... #.#.$.
#.##.# # #.


You could see a black bear (berserk).

Vanquished Creatures
  An orc priest (D:4)
  2 orc wizards (D:4)
  A gnoll (D:1)
  2 dart slugs
  2 orcs (D:4)
  4 giant cockroaches
  2 goblins
  4 hobgoblins
  A quokka (D:1)
  2 ball pythons
  4 bats
  4 frilled lizards
  5 kobolds
  A rat (D:1)
35 creatures vanquished.

Notes
Turn   | Place    | Note
-------+----------+-------------------------------------------
     0 | D:1      | cbfl8 the Merfolk Berserker began the quest for the Orb.
     0 | D:1      | Reached XP level 1. HP: 18/18 MP: 1/1
   139 | D:1      | Reached XP level 2. HP: 21/24 MP: 2/2
   394 | D:1      | Found a faded altar of an unknown god.
   398 | D:1      | Reached skill level 5 in Polearms
   456 | D:1      | Reached XP level 3. HP: 25/30 MP: 3/3
   913 | D:2      | Reached ** piety under Trog
   975 | D:2      | Noticed Sigmund
   977 | D:2      | You fall into a shaft and drop 2 floors!
  1002 | D:4      | Reached skill level 1 in Evocations
  1002 | D:4      | Reached XP level 4. HP: 27/37 MP: 4/4
  1003 | D:4      | Reached skill level 6 in Polearms
  1040 | D:4      | Reached XP level 5. HP: 16/42 MP: 5/5
  1273 | D:4      | Noticed a black bear
  1287 | D:4      | HP: 2/63 [black bear (9)]
  1287 | D:4      | Slain by a black bear

Illustrated notes

Levels and vault maps discovered:
D:1:      lightli_arrival_quake, layout_rooms, nicolae_ecumenical_lake_church
D:2:      layout_loops_cross, chequers_mini_garden, uniq_sigmund
D:4:      layout_loops_cross, temple_pool_b, uniq_duvessa

Skill      XL: |  1  2  3  4 |
---------------+-------------+-----
Polearms       | 5 6 |  6.3
Fighting       | 4 |  4.3
Evocations     | 1 |  1.6
Armour         | |  1.7
Dodging        | |  2.6

Action                   |  1- 3 |  4- 6 || total
-------------------------+-------+-------++-------
Melee: Spear             |   100 |    39 ||   139
Invok: Berserk           |     1 |     1 ||     2
  Use: Scroll            |     1 |       ||     1
       Potion            |       |     2 ||     2
 Stab: Sleeping          |     2 |       ||     2
Armor: Animal skin       |     7 |       ||     7
       Scale mail        |    10 |    39 ||    49
Dodge: Dodged            |    34 |    18 ||    52
